 Dungeon Crawl Stone Soup version 0.21.1-1-g345015f (webtiles) character file.

136137 LairdRich the Peltast (level 16, -1/149 HPs)
             Began as a Minotaur Berserker on June 13, 2018.
             Was the Champion of Trog.
             Slain by an eight-headed hydra (5 damage)
             ... on level 4 of the Swamp.
             The game lasted 02:38:28 (35733 turns).

LairdRich the Peltast (Minotaur Berserker)         Turns: 35733, Time: 02:38:29

Health: -1/149     AC: 25    Str: 28    XL:     16   Next: 66%
Magic:  0/15       EV: 15    Int:  4    God:    Trog [******]
Gold:   2297       SH: 24    Dex: 16    Spells: 15/15 levels left

rFire    + . .     SeeInvis +   b - +2 flail (crush)
rCold    + . .     Gourm    .   d - +1 large shield {rC+}
rNeg     . . .     Faith    .   P - +3 plate armour {rPois}
rPois    +         Spirit   +   z - +1 hat
rElec    +         Reflect  .   l - +0 cloak
rCorr    .         Harm     .   V - +0 pair of gloves
MR       +....                  e - +0 pair of boots
Stlth    ..........             y - amulet "Wukoafic" {Spirit *Corrode rElec Str+5 Stlth+}
HPRegen  0.34/turn              D - ring of Dawn {rPois Slay+2 SInv}
MPRegen  0.14/turn              O - ring of protection from fire

@: berserk cooldown, starving, slowed, studying Axes, very slow
A: retaliatory headbutt, horns 2
a: Berserk, Trog's Hand, Brothers in Arms, Burn Spellbooks, Renounce Religion


You were on level 4 of the Swamp.
You worshipped Trog.
Trog was exalted by your worship.
You were starving.

You visited 4 branches of the dungeon, and saw 26 of its levels.
You visited 1 bazaar.
You also visited: Ice Cave.

You collected 3078 gold pieces.
You spent 781 gold pieces at shops.

Inventory:

Hand Weapons
 a - a +7 broad axe of chopping
 b - a +2 flail of crushing (weapon)
Armour
 d - a +1 large shield of cold resistance (worn)
 e - a +0 pair of boots (worn)
 l - a +0 cloak (worn)
 z - a +1 hat (worn)
 P - a +3 plate armour of poison resistance (worn)
 V - a +0 pair of gloves (worn)
Jewellery
 g - the ring of Roch {rCorr +Blink}
   (You found it on level 3 of the Swamp)

   [ring of resist corrosion]

   It lets you blink.
 y - the amulet "Wukoafic" (around neck) {Spirit *Corrode rElec Str+5 Stlth+}
   (You acquired it on level 11 of the Dungeon)

   [amulet of guardian spirit]

   It causes incoming damage to be split between your health and magic.
   It affects your strength (+5).
   It insulates you from electricity.
   It may corrode you when you take damage.
   It makes you more stealthy.
 D - the ring of Dawn (left hand) {rPois Slay+2 SInv}
   (You found it on level 1 of the Lair of Beasts)

   [ring of poison resistance]

   It affects your accuracy and damage with ranged weapons and melee attacks
   (+2).
   It protects you from poison.
   It lets you see invisible.
 O - a ring of protection from fire (right hand)
 T - a cursed amulet of inaccuracy {unknown}
 W - an uncursed ring of ice
Wands
 v - a wand of iceblast (7)
 w - a wand of polymorph (33)
 K - a wand of random effects (23)
 L - a wand of scattershot (6)
 R - a wand of acid (8)
 U - a wand of paralysis (12)
Scrolls
 h - a scroll of holy word
 n - 4 scrolls of remove curse
 q - 2 scrolls of fog
 r - 2 scrolls of summoning
 A - a scroll of fear
 B - 2 scrolls of vulnerability
 I - 2 scrolls of teleportation
 J - 3 scrolls of magic mapping
 Q - 3 scrolls of identify
 S - a scroll of enchant weapon
Potions
 f - 4 potions of mutation
 i - 3 potions of agility {unknown}
 j - 3 potions of berserk rage {unknown}
 k - 10 potions of curing
 m - a potion of magic {unknown}
 o - 3 potions of invisibility
 p - a potion of haste {unknown}
 s - 9 potions of might
 u - 4 potions of lignification
 x - 2 potions of resistance
 C - a potion of flight {unknown}
 G - 3 potions of ambrosia {unknown}
 H - a potion of experience {unknown}
 M - 3 potions of brilliance {unknown}
 N - 2 potions of degeneration {unknown}
Books
 E - a manual of Axes
Comestibles
 c - 27 rations


   Skills:
 * Level 15.5 Fighting
 - Level 18.0 Axes
 + Level 14.1 Armour
 + Level 13.1 Dodging
 * Level 18.2 Shields


You had 15 spell levels left.
You didn't know any spells.

Dungeon Overview and Level Annotations

Branches:
Dungeon (14/15)            Temple (0/1) D:4            Lair (6/6) D:8
  Swamp (4/4) Lair:4       Spider (0/4) Lair:3        Slime (0/5) Lair:6
    Orc (2/2) D:9             Elf (0/3) Orc:2        Vaults (0/5) D:13

Altars:
Kikubaaqudgha
Nemelex Xobeh
Qazlal
Ru
Sif Muna
Wu Jian
Xom
Yredelemnul
Zin
The Shining One
Jiyva

Shops:
D:7 =   Orc:2 [*[(?

Annotations:
D:7 nicolaieve's ghost, novice MiBe


Innate Abilities, Weirdness & Mutations

You reflexively headbutt those who attack you in melee.
You have a pair of horns on your head.


Message History

The eight-headed hydra barely misses you.
You block the eight-headed hydra's attack.
Your unstable footing causes you to fumble your attack.
You block the eight-headed hydra's attack. x2
The eight-headed hydra bites you but does no damage.
You block the eight-headed hydra's attack.
The eight-headed hydra closely misses you.
You block the eight-headed hydra's attack.
The eight-headed hydra closely misses you.
The eight-headed hydra bites you!
* * * LOW HITPOINT WARNING * * *
Your unstable footing causes you to fumble your attack.
The eight-headed hydra bites you!
* * * LOW HITPOINT WARNING * * *
You block the eight-headed hydra's attack. x2
The eight-headed hydra bites you but does no damage. x2
You block the eight-headed hydra's attack.
The eight-headed hydra bites you but does no damage.
The eight-headed hydra bites you.
You die...

. .<♣
♣♣♣♣♣♣.≈≈≈.
#@D≈≈..%.≈D
####+#.#.D.
..≈. .≈
≈8k( #≈


You could see an eight-headed hydra.

Vanquished Creatures
  Gastronok (Lair:1)
  A thorn hunter (Swamp:4)
  Aizul (Swamp:4)
  2 entropy weavers (Lair:4)
  6 dire elephants (Lair:6)
  Josephine (Lair:4)
  The ghost of Threepwind the Grappler, a journeyman TrMo of Wu Jian (D:11)
  Fannar (Lair:2)
  Harold (D:11)
  15 hydras
  2 ice dragons (IceCv)
  3 ghost crabs
  An anaconda (Lair:6)
  2 ogre magi
  12 two-headed ogres
  7 alligators
  A queen ant (Lair:4)
  Urug (Lair:2)
  9 death yaks
  5 spriggans
  Nergalle (Lair:3)
  5 skeletal warriors (D:12)
  2 spriggan druids
  2 deep trolls (Orc:1)
  3 shambling mangroves
  10 swamp dragons
  2 unseen horrors (D:14)
  The ghost of doot the Gouger, a novice FeMo of Makhleb (Lair:1)
  A wizard (D:13)
  Pikel (D:5)
  An orc knight (Orc:1)
  6 ugly things
  2 orc sorcerers (Orc:2)
  A salamander (shapeshifter) (D:14)
  12 slime creatures
  A deep elf mage (D:12)
  4 cyclopes
  4 elephants (Lair:6)
  3 black mambas
  A torpor snail (Lair:5)
  2 gargoyles
  19 spiny frogs
  A centaur zombie (D:14)
  5 rime drakes
  2 efreet
  A kobold demonologist (D:12)
  A rime drake (shapeshifter) (D:14)
  2 centaur skeletons
  9 komodo dragons
  A freezing wraith (D:10)
  11 trolls
  6 tyrant leeches
  A jumping spider (Lair:3)
  7 dream sheep (Lair:4)
  12 hornets
  18 blink frogs
  12 hippogriffs
  10 bog bodies
  A harpy skeleton (D:13)
  4 shadows
  A vampire (D:14)
  Eustachio (D:5)
  A wyvern (D:10)
  39 yaks
  3 wraiths (Lair:4)
  4 basilisks
  A steam dragon (D:11)
  26 vampire mosquitoes
  3 hungry ghosts
  11 swamp worms
  13 insubstantial wisps
  6 wargs
  20 soldier ants (Lair:4)
  14 water moccasins
  10 porcupines
  2 sky beasts
  14 swamp drakes
  12 orc warriors
  2 hell hounds (Lair:2)
  15 ice beasts
  4 slaves (D:5)
  2 phantoms
  21 ogres
  20 wolves
  6 centaurs
  7 crocodiles
  5 big kobolds
  17 bullfrogs
  A wyvern zombie (D:9)
  A water moccasin zombie (D:5)
  5 scorpions
  21 killer bees
  13 wights
  4 howler monkeys
  9 crimson imps
  8 jellies
  7 hounds
  15 orc priests
  4 bullfrog zombies
  A gnoll shaman (D:5)
  4 bullfrog skeletons
  Ijyb (D:5)
  5 iguanas
  22 orc wizards
  20 worker ants
  A hound skeleton (D:6)
  2 worker ant zombies (D:9)
  A howler monkey zombie (D:9)
  7 gnolls
  21 adders
  A shadow imp (D:6)
  7 oozes
  An adder skeleton (D:4)
  4 worms
  2 dart slugs
  6 leopard geckos
  75 orcs
  4 bats
  8 giant cockroaches
  10 goblins
  12 hobgoblins
  8 jackals
  40 kobolds
  4 quokkas
  5 frilled lizards
  2 leopard gecko zombies
  10 rats
  16 fungi
  3 plants
932 creatures vanquished.

Vanquished Creatures (collateral kills)
  A worker ant zombie (D:11)
1 creature vanquished.

Vanquished Creatures (others)
  5 dream sheep (D:8)
  A water moccasin (D:8)
  A sky beast (D:8)
  21 fungi
  14 plants
42 creatures vanquished.

Grand Total: 975 creatures vanquished

Notes
Turn   | Place    | Note
-------+----------+-------------------------------------------
     0 | D:1      | LairdRich the Minotaur Berserker began the quest for the Orb.
     0 | D:1      | Reached XP level 1. HP: 19/19 MP: 0/0
   249 | D:1      | Reached XP level 2. HP: 20/27 MP: 1/1
  1003 | D:1      | Reached XP level 3. HP: 25/33 MP: 2/2
  1008 | D:1      | Reached ** piety under Trog
  1696 | D:2      | Reached XP level 4. HP: 32/40 MP: 3/3
  2631 | D:3      | Reached skill level 5 in Axes
  2870 | D:3      | Reached XP level 5. HP: 46/47 MP: 4/4
  3810 | D:4      | Reached *** piety under Trog
  3828 | D:4      | Reached skill level 5 in Fighting
  3828 | D:4      | Reached XP level 6. HP: 42/56 MP: 5/5
  4179 | D:4      | Found an ancient bone altar of Kikubaaqudgha.
  4291 | D:4      | Reached skill level 1 in Shields
  4671 | D:4      | Found a sacrificial altar of Ru.
  4689 | D:4      | Found a sparkling altar of Nemelex Xobeh.
  4771 | D:4      | Found a staircase to the Ecumenical Temple.
  4878 | D:4      | Found an ornate altar of the Wu Jian Council.
  5338 | D:5      | Entered Level 5 of the Dungeon
  5338 | D:5      | Noticed Eustachio
  5346 | D:5      | Killed Eustachio
  5346 | D:5      | Reached XP level 7. HP: 61/61 MP: 6/6
  5458 | D:5      | Noticed Ijyb
  5473 | D:5      | Killed Ijyb
  5580 | D:5      | Reached skill level 5 in Armour
  6051 | D:5      | Reached XP level 8. HP: 70/70 MP: 7/7
  6055 | D:5      | Reached **** piety under Trog
  6165 | D:5      | Noticed Pikel
  6178 | D:5      | Killed Pikel
  6178 | D:5      | Reached skill level 5 in Dodging
  6178 | D:5      | Reached skill level 5 in Shields
  7158 | D:6      | Reached XP level 9. HP: 74/78 MP: 8/8
  7466 | D:7      | Found Soqidol's Jewellery Shop.
  7710 | D:7      | Found a basalt altar of Yredelemnul.
  8048 | D:8      | Reached ***** piety under Trog
  8096 | D:7      | Noticed nicolaieve's ghost (novice MiBe)
  8869 | D:8      | Found a staircase to the Lair.
  9063 | D:8      | Found a stormy altar of Qazlal.
  9517 | D:8      | Found a deep blue altar of Sif Muna.
  9517 | D:8      | Found a glowing golden altar of the Shining One.
  9579 | D:8      | Reached skill level 10 in Axes
  9628 | D:8      | Found a shimmering altar of Xom.
  9977 | D:9      | Reached XP level 10. HP: 75/88 MP: 9/9
 10017 | D:9      | Noticed a gargoyle
 10023 | D:9      | Killed a gargoyle
 10168 | D:9      | Found a glowing silver altar of Zin.
 10591 | D:9      | Noticed a two-headed ogre
 10613 | D:9      | Killed a two-headed ogre
 10795 | D:9      | Found a staircase to the Orcish Mines.
 11326 | D:10     | Entered Level 10 of the Dungeon
 11791 | D:10     | Reached skill level 10 in Shields
 11836 | D:10     | Received a gift from Trog
 12052 | D:10     | Reached XP level 11. HP: 85/95 MP: 3/10
 12091 | D:10     | Noticed a two-headed ogre
 12100 | D:10     | Killed a two-headed ogre
 12706 | D:11     | Identified a scroll of acquirement
 12707 | D:11     | Got a translucent steel amulet
 12709 | D:11     | Identified the amulet "Wukoafic" {Spirit *Corrode rElec Str+5 Stlth+} (You acquired it on level 11 of the Dungeon)
 12726 | D:11     | Found a flickering gateway to a bazaar.
 12739 | Bazaar   | Entered a bazaar
 12753 | Bazaar   | Found Oceviut's Assorted Antiques.
 12759 | Bazaar   | Found Yshri Leu's Armour Shoppe.
 12764 | Bazaar   | Found Lalic's Gadget Emporium.
 12772 | Bazaar   | Found Robarask's Weapon Boutique.
 12780 | Bazaar   | Found Anoufesi's Jewellery Shoppe.
 12829 | Bazaar   | Bought a +0 large shield of cold resistance for 115 gold pieces
 12829 | Bazaar   | Bought a +1 hat for 110 gold pieces
 12906 | Bazaar   | Bought a scroll labeled HUARIA WENK for 29 gold pieces
 12990 | D:11     | Noticed Threepwind's ghost (journeyman TrMo)
 13014 | D:11     | Killed Threepwind's ghost
 13128 | D:11     | Noticed a red ugly thing
 13145 | D:11     | Killed a red ugly thing
 13192 | D:11     | Noticed Harold
 13413 | D:11     | Killed Harold
 14741 | Orc:1    | Entered Level 1 of the Orcish Mines
 14788 | Lair:1   | Entered Level 1 of the Lair of Beasts
 15008 | Lair:1   | Noticed doot's ghost (novice FeMo)
 15750 | Lair:1   | Killed doot's ghost
 16263 | Lair:1   | Got a vibrating brass ring
 16351 | Lair:1   | Received a gift from Trog
 16366 | Lair:1   | Noticed Gastronok
 16397 | Lair:1   | Killed Gastronok
 16397 | Lair:1   | Reached XP level 12. HP: 80/106 MP: 1/11
 16897 | Lair:2   | Noticed Fannar
 16907 | Lair:2   | Reached skill level 10 in Fighting
 16915 | Lair:2   | Killed Fannar
 17133 | Lair:2   | Reached skill level 10 in Armour
 17369 | Lair:2   | Noticed Urug
 17385 | Lair:2   | Killed Urug
 18159 | Lair:3   | Noticed an eight-headed hydra
 18168 | Lair:3   | Killed an eight-headed hydra
 18481 | Lair:3   | Noticed a death yak
 18482 | Lair:3   | Noticed a death yak
 18483 | Lair:3   | Noticed a death yak
 18494 | Lair:3   | Killed a death yak
 18503 | Lair:3   | Killed a death yak
 18507 | Lair:3   | Killed a death yak
 18952 | Lair:3   | Noticed Nergalle
 18966 | Lair:3   | Killed Nergalle
 18983 | Lair:3   | Reached XP level 13. HP: 76/115 MP: 2/12
 19232 | Lair:3   | Found a hole to the Spider Nest.
 19900 | Lair:4   | Reached skill level 10 in Dodging
 20239 | Lair:4   | Noticed Josephine
 20257 | Lair:4   | Killed Josephine
 20351 | Lair:4   | Noticed an entropy weaver
 20384 | Lair:4   | Killed an entropy weaver
 20573 | Lair:4   | Noticed an entropy weaver
 20589 | Lair:4   | Killed an entropy weaver
 20717 | Lair:4   | Found a staircase to the Swamp.
 20786 | Lair:4   | Received a gift from Trog
 20820 | Lair:4   | Reached ****** piety under Trog
 21396 | Lair:4   | Reached skill level 15 in Axes
 22095 | Lair:5   | Identified the ring of Dawn {rPois Slay+2 SInv} (You found it on level 1 of the Lair of Beasts)
 22998 | Lair:6   | Entered Level 6 of the Lair of Beasts
 23187 | Lair:6   | Reached XP level 14. HP: 125/125 MP: 13/13
 23829 | Lair:6   | Found the +7 captain's cutlass {speed, disarm}
 23851 | Lair:6   | Reached skill level 15 in Shields
 24300 | Lair:6   | Found a viscous altar of Jiyva.
 24300 | Lair:6   | Found a staircase to the Slime Pits.
 24425 | Lair:6   | Received a gift from Trog
 25605 | Orc:2    | Entered Level 2 of the Orcish Mines
 25605 | Orc:2    | Found Ulai's Antique Armour Emporium.
 25605 | Orc:2    | Found Uceim's Antique Weapon Boutique.
 26904 | Orc:2    | Reached XP level 15. HP: 93/134 MP: 9/14
 27398 | Orc:2    | Found Legayx's Armour Shoppe.
 27406 | Orc:2    | Bought a +2 plate armour of poison resistance for 407 gold pieces
 27424 | Orc:2    | Found Peugroni's General Store.
 27509 | Orc:2    | Found Voun's Magic Scroll Boutique.
 27518 | Orc:2    | Found a staircase to the Elven Halls.
 27522 | Orc:2    | Bought a scroll of enchant weapon for 120 gold pieces
 28979 | D:12     | Received a gift from Trog
 29672 | D:13     | Found a gate to the Vaults.
 29956 | D:14     | Received a gift from Trog
 29996 | D:14     | Found a frozen archway.
 30009 | IceCv    | Entered an ice cave
 31049 | D:14     | Received a gift from Trog
 31654 | Swamp:1  | Entered Level 1 of the Swamp
 32779 | Swamp:2  | Received a gift from Trog
 32905 | Swamp:2  | Reached XP level 16. HP: 120/146 MP: 13/15
 33833 | Swamp:3  | Got a heavily runed golden ring
 33878 | Swamp:3  | Identified the ring of Roch {rCorr +Blink} (You found it on level 3 of the Swamp)
 34023 | Swamp:3  | HP: 4/147 [titanic slime creature (83)]
 34771 | Swamp:3  | Received a gift from Trog
 35193 | Swamp:3  | Reached skill level 15 in Fighting
 35245 | Swamp:4  | Entered Level 4 of the Swamp
 35250 | Swamp:4  | Noticed a thorn hunter
 35403 | Swamp:4  | Killed a thorn hunter
 35664 | Swamp:4  | Noticed Aizul
 35713 | Swamp:4  | Killed Aizul
 35733 | Swamp:4  | HP: 4/149 [eight-headed hydra (6)]
 35733 | Swamp:4  | Slain by an eight-headed hydra

Skill      XL: |  1  2  3  4  5  6  7  8  9 10 11 12 13 14 15 16 |
---------------+-------------------------------------------------+-----
Axes           | 4 5 6 7 8 10 11 12 14 15 17 18 | 18.0
Fighting       | 4 5 6 7 8 9 10 11 12 14 15 | 15.5
Armour         | 3 4 5 6 7 8 9 10 11 12 13 14 | 14.1
Dodging        | 3 4 5 6 7 8 9 10 11 12 13 | 13.1
Shields        | 2 4 6 8 10 11 13 14 15 17 18 | 18.2

Action                   |  1- 3 |  4- 6 |  7- 9 | 10-12 | 13-15 | 16-18 || total
-------------------------+-------+-------+-------+-------+-------+-------++-------
Melee: Hand axe          |    82 |   139 |   295 |    90 |       |       ||   606
       Headbutt          |    19 |    30 |    78 |   123 |   316 |    83 ||   649
       War axe           |       |       |    28 |   154 |       |       ||   182
       Broad axe         |       |       |       |   323 |  1088 |   239 ||  1650
       Flail             |       |       |       |     7 |    41 |    65 ||   113
Throw: Tomahawk          |       |       |       |     2 |       |       ||     2
Invok: Berserk           |       |     4 |     2 |     8 |     5 |     1 ||    20
       Burn Spellbooks   |       |     1 |     2 |     3 |     6 |       ||    12
       Trog's Hand       |       |       |       |     1 |       |       ||     1
Evoke: Wand              |       |       |       |     5 |       |       ||     5
  Use: Scroll            |     1 |     6 |     7 |    13 |    16 |     4 ||    47
       Potion            |       |       |       |       |     1 |     1 ||     2
 Stab: Sleeping          |     1 |       |       |       |       |       ||     1
       Confused          |       |       |       |       |       |     1 ||     1
  Eat: Chunk             |     2 |    10 |     8 |    15 |    23 |     4 ||    62
       Ration            |       |     2 |     4 |     7 |     8 |     1 ||    22
Armor: Animal skin       |     3 |       |       |       |       |       ||     3
       Leather armour    |     8 |    18 |    11 |       |       |       ||    37
       Chain mail        |       |       |    86 |   151 |   168 |       ||   405
       Plate armour      |       |       |       |       |   120 |   144 ||   264
Dodge: Dodged            |    42 |    55 |   119 |   184 |   356 |   124 ||   880
Block: Buckler           |       |     2 |    71 |    50 |       |       ||   123
       Large shield      |       |       |       |   317 |  1073 |   370 ||  1760
